| TOP OF THE 1ST |
|
Montreal Expos batting - Pitching for Oakland Athletics : RHP Franklin Rojas
|
|
Pitching: RHP Franklin Rojas
|
|
|
Batting: LHB Bill McGregor
|
0-0: Ball 1-0: Ball 2-0: SINGLE (Line Drive, 4MD, EV 99.4 MPH)
|
|
Batting: RHB Jonathan Fraire
|
0-0: Ball 1-0: Ball 2-0: Ball 3-0: Base on Balls Bill McGregor to second
|
|
Batting: SHB Joey Pacheco
|
0-0: Called Strike 0-1: Ball 1-1: Foul Ball, location: 2F 1-2: Ball 2-2: Fielders Choice at 2nd, 3-6 (Groundball, 34, EV 82.5 MPH) Bill McGregor to third
|
|
Batting: LHB Austin Ohmer
|
0-0: Ball 1-0: Grounds into double play, 4-6-3 (Groundball, 4MS, EV 89.4 MPH)
|
| Top of the 1st over - 0 runs, 1 hit, 0 errors, 1 left on base; Montreal 0 - Oakland 0 |
| BOTTOM OF THE 1ST |
|
Oakland Athletics batting - Pitching for Montreal Expos : RHP Cheng-ho Hsu
|
|
Pitching: RHP Cheng-ho Hsu
|
|
|
Batting: RHB Jason May
|
0-0: Ball 1-0: Swinging Strike 1-1: Foul Ball, location: 2F 1-2: Ball 2-2: Hit by Pitch
|
|
Batting: LHB R.J. O'Brien
|
0-0: Ball 1-0: Called Strike 1-1: Ball 2-1: Foul Ball, location: 2F 2-2: SINGLE (Flyball, 78S, EV 89.4 MPH) Jason May to second
|
|
Batting: RHB Muneo Kawachi
|
0-0: Called Strike 0-1: Ball 1-1: Ball 2-1: Grounds into double play, 4-6-3 (Groundball, 4, EV 105.0 MPH) Jason May to third
|
|
Batting: LHB Bob Branham
|
0-0: Ball 1-0: Ball 2-0: Called Strike 2-1: Ground out 3-1 (Groundball, 34, EV 90.0 MPH)
|
| Bottom of the 1st over - 0 runs, 1 hit, 0 errors, 1 left on base; Montreal 0 - Oakland 0 |
| TOP OF THE 2ND |
|
Montreal Expos batting - Pitching for Oakland Athletics : RHP Franklin Rojas
|
|
Batting: LHB Steve Anderson
|
0-0: Ball 1-0: Called Strike 1-1: Ball 2-1: Ball 3-1: Fly out, F8 (Line Drive, 8RM, EV 86.9 MPH)
|
|
Batting: RHB Steve French
|
0-0: Ball 1-0: Ball 2-0: Ball 3-0: Base on Balls
|
|
Batting: SHB Lou Kroneman
|
0-0: Ball 1-0: Called Strike 1-1: Ball 2-1: Swinging Strike 2-2: Foul Ball, location: 2F 2-2: Foul Ball, location: 2F 2-2: Foul Ball, location: 2F 2-2: Ball 3-2: SINGLE (Line Drive, 56, EV 103.1 MPH) Steve French to second
|
|
Batting: RHB EugĂȘnio Asceno
|
0-0: Swinging Strike 0-1: Fielders Choice at 2nd, 5-4 (Groundball, 56, EV 110.0 MPH) Steve French to third
|
|
Batting: RHB Alex Diaz
|
0-0: Fly out, F9 (Flyball, 89M, EV 88.1 MPH)
|
| Top of the 2nd over - 0 runs, 1 hit, 0 errors, 2 left on base; Montreal 0 - Oakland 0 |
| BOTTOM OF THE 2ND |
|
Oakland Athletics batting - Pitching for Montreal Expos : RHP Cheng-ho Hsu
|
|
Batting: RHB Jorge Severiano
|
0-0: Called Strike 0-1: Called Strike 0-2: Ball 1-2: Ball 2-2: Ball 3-2: SINGLE (Groundball, 6M, EV 87.5 MPH) (infield hit)
|
|
Batting: RHB Tim Cordle
|
0-0: Grounds into double play, 6-4-3 (Groundball, 6, EV 93.1 MPH)
|
|
Batting: LHB Tom Butterbaugh
|
0-0: Ball 1-0: Ball 2-0: Ball 3-0: Called Strike 3-1: Base on Balls
|
|
Batting: RHB Nick Gentzel
|
0-0: Ball 1-0: Called Strike 1-1: Ball 2-1: Foul Ball, location: 2F 2-2: Ball 3-2: Ground out 4-3 (Groundball, 4, EV 87.5 MPH)
|
| Bottom of the 2nd over - 0 runs, 1 hit, 0 errors, 1 left on base; Montreal 0 - Oakland 0 |
| TOP OF THE 3RD |
|
Montreal Expos batting - Pitching for Oakland Athletics : RHP Franklin Rojas
|
|
Batting: LHB Bill McGregor
|
0-0: Ground out U3 (Groundball, 3, EV 102.5 MPH)
|
|
Batting: RHB Jonathan Fraire
|
0-0: Ground out 6-3 (Groundball, 6, EV 91.2 MPH)
|
|
Batting: SHB Joey Pacheco
|
0-0: Swinging Strike 0-1: Swinging Strike 0-2: Fly out, F7 (Flyball, 7LM, EV 104.4 MPH)
|
| Top of the 3rd over - 0 runs, 0 hits, 0 errors, 0 left on base; Montreal 0 - Oakland 0 |
| BOTTOM OF THE 3RD |
|
Oakland Athletics batting - Pitching for Montreal Expos : RHP Cheng-ho Hsu
|
|
Batting: SHB Robert Santiago
|
0-0: Foul Ball, location: 2F 0-1: Ball 1-1: Fly out, F7 (Line Drive, 7, EV 93.8 MPH)
|
|
Batting: RHB Jason May
|
0-0: Called Strike 0-1: Called Strike 0-2: Ball 1-2: Ball 2-2: Fly out, F9 (Line Drive, 89M, EV 101.2 MPH)
|
|
Batting: LHB R.J. O'Brien
|
0-0: Ball 1-0: Swinging Strike 1-1: Called Strike 1-2: Foul Ball, location: 2F 1-2: Ball 2-2: Strikes out swinging
|
| Bottom of the 3rd over - 0 runs, 0 hits, 0 errors, 0 left on base; Montreal 0 - Oakland 0 |
| TOP OF THE 4TH |
|
Montreal Expos batting - Pitching for Oakland Athletics : RHP Franklin Rojas
|
|
Batting: LHB Austin Ohmer
|
0-0: Ball 1-0: Called Strike 1-1: Fly out, F4 (Line Drive, 4M, EV 71.2 MPH)
|
|
Batting: LHB Steve Anderson
|
0-0: Called Strike 0-1: Called Strike 0-2: Ball 1-2: Strikes out swinging
|
|
Batting: RHB Steve French
|
0-0: Ball 1-0: Swinging Strike 1-1: Ball 2-1: Foul Ball, location: 2F 2-2: Ground out 6-3 (Groundball, 6, EV 100.0 MPH)
|
| Top of the 4th over - 0 runs, 0 hits, 0 errors, 0 left on base; Montreal 0 - Oakland 0 |
| BOTTOM OF THE 4TH |
|
Oakland Athletics batting - Pitching for Montreal Expos : RHP Cheng-ho Hsu
|
|
Batting: RHB Muneo Kawachi
|
0-0: Called Strike 0-1: Foul Ball, location: 2F 0-2: Fly out, F9 (Flyball, 9, EV 93.1 MPH)
|
|
Batting: LHB Bob Branham
|
0-0: Foul Ball, location: 2F 0-1: Ball 1-1: Swinging Strike 1-2: Strikes out looking
|
|
Batting: RHB Jorge Severiano
|
0-0: Ball 1-0: Foul Ball, location: 2F 1-1: Foul Ball, location: 2F 1-2: Ball 2-2: Foul Ball, location: 2F 2-2: Foul Ball, location: 2F 2-2: Foul Ball, location: 2F 2-2: Fly out, F9 (Flyball, 9D, EV 105.0 MPH)
|
| Bottom of the 4th over - 0 runs, 0 hits, 0 errors, 0 left on base; Montreal 0 - Oakland 0 |
| TOP OF THE 5TH |
|
Montreal Expos batting - Pitching for Oakland Athletics : RHP Franklin Rojas
|
|
Now at C: Al Hernandez
|
|
|
Batting: SHB Lou Kroneman
|
0-0: Foul Ball, location: 2F 0-1: Foul Ball, location: 2F 0-2: Strikes out swinging
|
|
Batting: RHB EugĂȘnio Asceno
|
0-0: Ball 1-0: Ball 2-0: Ball 3-0: Called Strike 3-1: Ground out 3-1 (Groundball, 34, EV 96.2 MPH)
|
|
Batting: RHB Alex Diaz
|
0-0: Foul Ball, location: 2F 0-1: Ball 1-1: Foul Ball, location: 2F 1-2: Fly out, F9 (Flyball, 9, EV 93.1 MPH)
|
| Top of the 5th over - 0 runs, 0 hits, 0 errors, 0 left on base; Montreal 0 - Oakland 0 |
| BOTTOM OF THE 5TH |
|
Oakland Athletics batting - Pitching for Montreal Expos : RHP Cheng-ho Hsu
|
|
Now at 2B: Danny Diaz
|
|
|
Now in LF: Jake Rheaume
|
|
|
Batting: RHB Tim Cordle
|
0-0: Ball 1-0: Ground out U3 (Groundball, 3, EV 86.2 MPH)
|
|
Batting: LHB Tom Butterbaugh
|
0-0: Foul Ball, location: 2F 0-1: Ball 1-1: Ball 2-1: Foul Ball, location: 2F 2-2: Ball 3-2: Base on Balls
|
|
Batting: RHB Nick Gentzel
|
0-0: Ball Tom Butterbaugh steals 2nd base 1-0: Fly out, F9 (Flyball, 9D, EV 96.2 MPH) Runner from 2nd tags up, SAFE at 3rd, no throw by RF
|
|
Batting: SHB Robert Santiago
|
0-0: Foul Ball, location: 2F 0-1: Called Strike 0-2: Strikes out swinging
|
| Bottom of the 5th over - 0 runs, 0 hits, 0 errors, 1 left on base; Montreal 0 - Oakland 0 |
| TOP OF THE 6TH |
|
Montreal Expos batting - Pitching for Oakland Athletics : RHP Franklin Rojas
|
|
Pitching: RHP Jesus Gonzales
|
|
|
Batting: RHB Danny Diaz
|
0-0: Ball 1-0: Called Strike 1-1: Ball 2-1: SOLO HOME RUN (Flyball, 89XD, EV 115.6 MPH), Distance : 427 ft
|
|
Pinch Hitting: RHB John Ham
|
0-0: Called Strike 0-1: Ball 1-1: Ball 2-1: Ball 3-1: Called Strike 3-2: Base on Balls
|
|
Pinch Hitting: RHB Sesto Carpini
|
0-0: Called Strike 0-1: Foul Ball, location: 2F 0-2: Grounds into double play, 6-4-3 (Groundball, 6, EV 88.1 MPH)
|
|
Batting: LHB Austin Ohmer
|
0-0: Ball 1-0: Ball 2-0: Called Strike 2-1: Swinging Strike 2-2: Ball 3-2: Fly out, F8 (Line Drive, 8LM, EV 98.8 MPH)
|
| Top of the 6th over - 1 run, 1 hit, 0 errors, 0 left on base; Montreal 1 - Oakland 0 |
| BOTTOM OF THE 6TH |
|
Oakland Athletics batting - Pitching for Montreal Expos : RHP Cheng-ho Hsu
|
|
Pitching: RHP Joel Montenegro
|
|
|
Now at C: James Huddleston
|
|
|
Now at SS: Sesto Carpini
|
|
|
Now in CF: Austin Ohmer
|
|
|
Now in RF: John Ham
|
|
|
Batting: SHB Quincy Bradford
|
0-0: Foul Ball, location: 2F 0-1: Foul Ball, location: 2F 0-2: Ball 1-2: Ball 2-2: Strikes out looking
|
|
Pinch Hitting: LHB Juan Concepcion
|
0-0: Called Strike 0-1: Foul Ball, location: 2F 0-2: Ball 1-2: Ball 2-2: Ball 3-2: Strikes out looking
|
|
Pinch Hitting: LHB Jeff Luvisi
|
0-0: Called Strike 0-1: Foul Ball, location: 2F 0-2: Strikes out looking
|
| Bottom of the 6th over - 0 runs, 0 hits, 0 errors, 0 left on base; Montreal 1 - Oakland 0 |
| TOP OF THE 7TH |
|
Montreal Expos batting - Pitching for Oakland Athletics : RHP Jesus Gonzales
|
|
Now at SS: Ryan Langlois
|
|
|
Now in LF: Juan Concepcion
|
|
|
Now in CF: Nick Gentzel
|
|
|
Now in RF: Jeff Luvisi
|
|
|
Pinch Hitting: RHB Tommy Mize
|
0-0: Called Strike 0-1: Ball 1-1: Ground out 4-3 (Groundball, 34, EV 102.5 MPH)
|
|
Batting: RHB Tommie Eaton
|
0-0: Called Strike 0-1: Ball 1-1: Ball 2-1: Swinging Strike 2-2: Foul Ball, location: 2F 2-2: Fly out, F8 (Line Drive, 8LM, EV 90.6 MPH)
|
|
Batting: LHB Jake Rheaume
|
0-0: Ball 1-0: Called Strike 1-1: Foul Ball, location: 2F 1-2: Strikes out looking
|
| Top of the 7th over - 0 runs, 0 hits, 0 errors, 0 left on base; Montreal 1 - Oakland 0 |
| BOTTOM OF THE 7TH |
|
Oakland Athletics batting - Pitching for Montreal Expos : RHP Joel Montenegro
|
|
Pitching: RHP Zack Rust
|
|
|
Now at 3B: Tommy Mize
|
|
|
Pinch Hitting: RHB David Herrera
|
0-0: Ball 1-0: Called Strike 1-1: Ball 2-1: Ball 3-1: Base on Balls
|
|
Pinch Runner at 1st Garry Hash:
|
|
|
Batting: LHB Al Hernandez
|
0-0: Ball 1-0: Called Strike Garry Hash steals 2nd base (no throw) 1-1: Ground out U3 (Groundball, 34S, EV 83.1 MPH) Garry Hash to third
|
|
Pinch Hitting: RHB Larry Clark
|
0-0: Ball 1-0: Fly out, F9 (Flyball, 89M, EV 80.6 MPH) Runner from 3rd tags up, SCORES, throw by RF
|
|
Pinch Hitting: RHB Chris Prinzing
|
0-0: Foul Ball, location: 2F 0-1: Ball 1-1: Ground out 5-3 (Groundball, 56, EV 85.6 MPH)
|
| Bottom of the 7th over - 1 run, 0 hits, 0 errors, 0 left on base; Montreal 1 - Oakland 1 |
| TOP OF THE 8TH |
|
Montreal Expos batting - Pitching for Oakland Athletics : RHP Jesus Gonzales
|
|
Pitching: LHP David James
|
|
|
Now at 1B: Larry Clark
|
|
|
Now at 2B: Garry Hash
|
|
|
Now at 3B: Chris Prinzing
|
|
|
Batting: RHB James Huddleston
|
0-0: Ball 1-0: Ball 2-0: Called Strike 2-1: Fly out, F8 (Flyball, 8RXD, EV 106.9 MPH)
|
|
Pinch Hitting: LHB Mark Marvin
|
0-0: Ball 1-0: Foul Ball, location: 2F 1-1: SINGLE (Groundball, 6M, EV 96.2 MPH)
|
|
Batting: RHB Danny Diaz
|
0-0: Ball 1-0: Ball 2-0: Called Strike 2-1: Called Strike 2-2: Strikes out swinging
|
|
Batting: RHB John Ham
|
0-0: Ball 1-0: Called Strike 1-1: DOUBLE (Line Drive, 7LM, EV 104.4 MPH) Mark Marvin to third Runner from 3rd tries for Home, SAFE, no throw by LF
|
|
Batting: RHB Sesto Carpini
|
0-0: Ball 1-0: Ball 2-0: Called Strike 2-1: Ball 3-1: Foul Ball, location: 2F 3-2: Base on Balls
|
|
Batting: LHB Austin Ohmer
|
0-0: Ball 1-0: Foul Ball, location: 2F 1-1: Ball 2-1: SINGLE (Line Drive, 9S, EV 104.4 MPH) John Ham to third Sesto Carpini to second Runner from 3rd tries for Home, SAFE, throw by RF to home
|
|
Batting: RHB Tommy Mize
|
0-0: Fielders Choice at 2nd, 5-4 (Groundball, 56, EV 108.1 MPH)
|
| Top of the 8th over - 2 runs, 3 hits, 0 errors, 2 left on base; Montreal 3 - Oakland 1 |
| BOTTOM OF THE 8TH |
|
Oakland Athletics batting - Pitching for Montreal Expos : RHP Zack Rust
|
|
Pitching: RHP Joel Beggs
|
|
|
Now at 1B: Mark Marvin
|
|
|
Pinch Hitting: LHB Tomas Segarra
|
0-0: Ball 1-0: Fly out, F8 (Flyball, 8RM, EV 75.0 MPH)
|
|
Batting: SHB Ryan Langlois
|
0-0: Ball 1-0: Ball 2-0: Ground out 5-3 (Groundball, 5, EV 90.0 MPH)
|
|
Batting: SHB Quincy Bradford
|
0-0: Called Strike 0-1: Ball 1-1: Foul Ball, location: 2F 1-2: Strikes out looking
|
| Bottom of the 8th over - 0 runs, 0 hits, 0 errors, 0 left on base; Montreal 3 - Oakland 1 |
| TOP OF THE 9TH |
|
Montreal Expos batting - Pitching for Oakland Athletics : LHP David James
|
|
Pitching: RHP Danny Nsoah
|
|
|
Now in CF: Tomas Segarra
|
|
|
Batting: RHB Tommie Eaton
|
0-0: Called Strike 0-1: Called Strike 0-2: Ball 1-2: Ball 2-2: Ball 3-2: Strikes out looking
|
|
Batting: LHB Jake Rheaume
|
0-0: Ball 1-0: SINGLE (Groundball, 6MS, EV 68.8 MPH) (infield hit)
|
|
Batting: RHB James Huddleston
|
0-0: Ball 1-0: Foul Ball, location: 2F 1-1: Fly out, F7 (Flyball, 7, EV 86.2 MPH)
|
|
Batting: LHB Mark Marvin
|
0-0: Fly out, F9 (Flyball, 89D, EV 95.0 MPH)
|
| Top of the 9th over - 0 runs, 1 hit, 0 errors, 1 left on base; Montreal 3 - Oakland 1 |
| BOTTOM OF THE 9TH |
|
Oakland Athletics batting - Pitching for Montreal Expos : RHP Joel Beggs
|
|
Pitching: RHP Jakub Kvacek
|
|
|
Batting: LHB Juan Concepcion
|
0-0: Swinging Strike 0-1: Ball 1-1: Ball 2-1: Ball 3-1: Ground out 4-3 (Groundball, 4, EV 103.8 MPH)
|
|
Batting: LHB Jeff Luvisi
|
0-0: Ball 1-0: Ball 2-0: Ball 3-0: Called Strike 3-1: Ground out 6-3 (Groundball, 56, EV 83.8 MPH)
|
|
Batting: RHB Garry Hash
|
0-0: Ball 1-0: Ground out 6-3 (Groundball, 6, EV 100.6 MPH)
|
| Bottom of the 9th over - 0 runs, 0 hits, 0 errors, 0 left on base; Montreal 3 - Oakland 1 |
|